Map: King's Cove LE

Players

Kas

  • Race: Terran Terran
  • League: Master
  • Spawn Location: 5:00

soO - Winner!

  • Race: Zerg Zerg
  • Spawn Location: 11:00

Event: HomeStory Cup XIX

VOD

Have the link to the VOD?

Description

Time

  • Played on: June 28, 2019, 3:48 p.m.
  • Length: 9:27

All games in this series

Show
View Real Time Build Order
Export as new Build Order

Kas Terran 

Build Orders: Gas First Reaper Expand, Hellion Opening 

Get SALT Encoding   

  12  0:01  SCV  
  13  0:13  SCV  
  14  0:18  Supply Depot  
  14  0:25  SCV  
  15  0:29  Refinery  
  15  0:39  SCV  
  16  0:45  Barracks  
  16  0:51  SCV  
  17  1:03  SCV  
  18  1:16  SCV  
  19  1:32  Orbital Command, Reaper  
  20  1:45  Command Center  
  20  1:55  Factory  
  20  2:00  SCV  
  21  2:07  Barracks Reactor  
  21  2:12  SCV  
  21  2:15  Supply Depot  
  22  2:22  Refinery  
  22  2:25  SCV  
  24  2:37  SCV  
  24  2:46  Starport  
  24  2:49  SCV  
  24  2:51  Hellion x2  
  29  3:00  Orbital Command  
  29  3:01  SCV  
  34  3:13  Hellion x2  
  34  3:15  SCV  
  35  3:25  SCV  
  36  3:27  SCV  
  36  3:29  Viking  
  39  3:37  SCV  
  39  3:39  Supply Depot  
  39  3:40  SCV  
  40  3:46  Hellion x2  
  44  3:49  SCV  
  44  3:52  SCV  
  46  4:01  SCV  
  47  4:02  Medivac  
  47  4:04  SCV  
  47  4:08  Armory  
  47  4:09  Supply Depot  
  50  4:13  SCV  
  50  4:15  Hellion  
  53  4:23  SCV  
  53  4:24  Supply Depot  
  57  4:31  SCV, Hellion  
  57  4:35  SCV  
  58  4:40  Command Center  
  58  4:43  Liberator, SCV  
  59  4:48  SCV  
  60  4:59  SCV  
  63  5:00  Hellion x2  
  63  5:05  Factory  
  68  5:07  Factory  
  68  5:08  SCV  
  69  5:19  SCV  
  70  5:22  Refinery  
  70  5:23  Refinery  
  70  5:39  Supply Depot  
  70  5:48  Hellion  
  70  5:49  SCV  
  69  5:52  Factory Tech Lab, Hellion  
  69  5:54  Factory Tech Lab  
  65  5:57  SCV  
  65  5:58  Factory  
  65  5:59  Factory  
  65  6:02  SCV  
  65  6:03  Orbital Command  
  67  6:09  Hellion  
  69  6:13  Hellion  
  69  6:15  SCV x2  
  69  6:17  Cyclone x2  
  71  6:27  SCV  
  71  6:28  SCV  
  71  6:30  Orbital Command  
  73  6:33  Infernal Pre-Igniter  
  73  6:34  Hellion, Mag-Field Accelerator  
  73  6:40  SCV  
  73  6:43  Factory Tech Lab, Factory Reactor  
  73  6:44  Hellion  
  73  6:45  SCV  
  76  6:50  Command Center  
  76  6:52  SCV  
  77  6:56  Refinery, SCV  
  77  6:57  SCV  
  77  6:58  Refinery  
  77  6:59  Hellion  
  81  7:04  SCV  
  81  7:06  Cyclone  
  85  7:08  SCV  
  85  7:09  SCV  
  85  7:13  Hellion  
  89  7:16  SCV  
  89  7:19  Supply Depot  
  89  7:20  SCV, Supply Depot x2  
  89  7:21  SCV  
  92  7:28  SCV  
  93  7:33  Supply Depot x2  
  93  7:38  Hellion  
  93  7:40  SCV  
  93  7:41  Hellion x2, Cyclone  
  93  7:42  Cyclone x2  
  93  7:43  Hellion  
  107  7:44  SCV x2  
  107  7:48  Engineering Bay  
  109  7:52  SCV  
  109  7:56  SCV x2  
  109  7:57  Supply Depot  
  112  8:00  Supply Depot  
  112  8:04  SCV  
  112  8:06  Supply Depot  
  112  8:07  Supply Depot  
  112  8:10  Supply Depot  
  111  8:13  Widow Mine x2  
  111  8:14  Widow Mine  
  111  8:15  Missile Turret  
  111  8:17  Missile Turret  
  117  8:21  Cyclone x2  
  117  8:22  Missile Turret, Cyclone  
  111  8:38  Missile Turret  
  111  8:40  Hellion x2  
  107  8:41  Hellion  
  105  8:55  Cyclone x2  
  92  9:07  SCV x2  
Show
View Real Time Build Order
Export as new Build Order

soO Zerg - Winner!

Build Orders: Hatch First, Muta Ling Bane 

Get SALT Encoding   

  12  0:00  Drone  
  13  0:13  Overlord  
  13  0:17  Drone  
  14  0:31  Drone x2  
  16  0:49  Hatchery  
  15  0:51  Drone  
  15  0:56  Drone  
  17  0:59  Drone  
  18  1:10  Extractor  
  17  1:15  Spawning Pool  
  17  1:18  Drone  
  17  1:21  Drone  
  18  1:29  Drone  
  19  1:39  Drone  
  20  1:49  Overlord  
  20  2:01  Queen x2  
  20  2:02  Zergling x4  
  26  2:10  Metabolic Boost  
  26  2:12  Drone  
  26  2:15  Drone  
  28  2:33  Hatchery  
  28  2:35  Drone  
  28  2:39  Drone  
  28  2:42  Drone  
  28  2:43  Drone  
  31  2:50  Queen  
  33  2:55  Overlord  
  33  2:58  Drone  
  34  3:01  Drone  
  34  3:03  Drone  
  36  3:17  Drone  
  36  3:18  Drone x2  
  39  3:21  Drone  
  39  3:22  Spore Crawler  
  39  3:23  Drone  
  39  3:25  Drone  
  41  3:28  Queen  
  41  3:31  Overlord  
  43  3:41  Overlord  
  43  3:45  Queen  
  43  3:46  Drone  
  43  3:47  Drone x2  
  48  3:49  Zergling x2  
  48  3:50  Zergling x2  
  48  3:51  Zergling x2  
  53  3:55  Drone x2  
  53  3:56  Drone  
  53  4:02  Drone  
  55  4:03  Queen  
  55  4:05  Drone x2  
  55  4:09  Overlord  
  59  4:11  Drone x2  
  59  4:14  Overlord  
  61  4:20  Overlord  
  61  4:29  Drone x4, Lair  
  65  4:33  Drone x2  
  65  4:34  Drone  
  65  4:37  Drone x2  
  70  4:39  Drone x2  
  70  4:40  Drone  
  70  4:42  Extractor  
  70  4:43  Extractor  
  71  4:47  Drone  
  71  4:49  Baneling Nest  
  71  4:50  Drone x2  
  73  4:53  Drone  
  73  4:55  Zergling x2  
  73  4:56  Zergling x4  
  73  4:57  Drone  
  77  5:02  Drone  
  77  5:03  Drone  
  80  5:07  Drone  
  80  5:10  Drone x2, Extractor  
  80  5:11  Extractor  
  80  5:15  Overlord  
  80  5:16  Spore Crawler  
  80  5:17  Drone x3  
  80  5:18  Spore Crawler  
  80  5:19  Overlord, Spore Crawler  
  79  5:21  Drone  
  79  5:22  Drone  
  79  5:25  Drone  
  79  5:33  Drone x3  
  79  5:35  Overlord  
  79  5:39  Zergling x2  
  76  5:45  Zergling x6  
  76  5:47  Zergling x4  
  74  5:55  Drone x6  
  74  5:56  Drone  
  80  6:04  Drone x3  
  80  6:08  Drone x2  
  80  6:09  Drone  
  83  6:13  Spire  
  83  6:16  Drone  
  82  6:20  Drone x2  
  82  6:24  Drone  
  82  6:28  Drone  
  83  6:33  Drone, Extractor  
  83  6:39  Drone x2  
  84  6:43  Drone  
  84  6:46  Centrifical Hooks  
  85  6:47  Drone  
  85  6:48  Hatchery  
  85  6:58  Drone x3  
  85  6:59  Drone  
  85  7:01  Evolution Chamber x2  
  88  7:04  Overlord  
  88  7:06  Overlord  
  87  7:09  Overlord  
  87  7:19  Overlord  
  87  7:26  Mutalisk  
  87  7:27  Mutalisk x8  
  105  7:30  Overlord  
  104  7:38  Mutalisk x5  
  112  7:46  Overlord  
  112  7:47  Overlord  
  112  7:52  Drone  
  112  7:53  Drone x4  
  117  7:59  Drone x4  
  117  8:00  Extractor  
  117  8:03  Mutalisk x2  
  117  8:04  Extractor  
  123  8:14  Zergling x18  
  129  8:26  Drone  
  130  8:28  Mutalisk x3  
  128  8:44  Mutalisk x3  
  128  8:45  Drone  
  133  8:52  Mutalisk  
  133  8:55  Hatchery  
  134  8:56  Zergling x2  
  134  8:57  Zergling x20  
  135  9:08  Drone x3  
Tags
 
Add a new tag
Caveats
  • Supply blocks, unpowered buildings, or Contaminate may cause inaccurate times.
  • Supply counts are checked every 10 seconds.